[Event "ICC tourney 2062 (7 2)"]
[Site "Internet Chess Club"]
[Date "2020.10.16"]
[Round "4"]
[White "oxdidi"]
[Black "wildrumpus"]
[Result "0-1"]
[ICCResult "White checkmated"]
[WhiteElo "1125"]
[BlackElo "1386"]
[Opening "Caro-Kann: advance variation"]
[ECO "B12"]
[NIC "CK.04"]
[Time "21:00:31"]
[TimeControl "420+2"]

1. e4 c6 2. d4 d5 3. e5 Bf5 4. Nf3 e6 5. Nc3 c5 6. Bb5+ Nc6 7. h3 Qb6 8. Be3
c4 9. O-O a6 10. Ba4 Qxb2 11. Bd2 b5 12. Rb1 Qa3 13. Nxb5 axb5 14. Bxb5 Kd7
15. Bxc6+ Kxc6 16. Ra1 c3 17. Bg5 h6 18. Bh4 g5 19. Bg3 Bb4 20. Qe2 Ne7 21.
Bh2 Rhb8 22. Rfb1 Kd7 23. Rb3 Qa6 24. Qxa6 Rxa6 25. a3 Bxc2 26. Rxb4 Rxb4
27. axb4 Rxa1+ 28. Ne1 Rxe1# {White checkmated} 0-1

[Event "ICC tourney 2062 (7 2)"]
[Site "Internet Chess Club"]
[Date "2020.10.16"]
[Round "4"]
[White "vrashank"]
[Black "shrey16ultimate"]
[Result "1-0"]
[ICCResult "Black checkmated"]
[WhiteElo "1720"]
[BlackElo "1400"]
[Opening "Queen's pawn: London system"]
[ECO "A45"]
[NIC "QP.07"]
[Time "21:00:20"]
[TimeControl "420+2"]

1. d4 Nf6 2. Bf4 d5 3. e3 Bf5 4. Nf3 e6 5. Ne5 Nbd7 6. g4 Bg6 7. h4 h6 8.
Nxg6 fxg6 9. Bd3 Kf7 10. Qf3 Bd6 11. Bxd6 cxd6 12. Nc3 g5 13. hxg5 hxg5 14.
O-O-O Qe7 15. e4 g6 16. exd5 exd5 17. Nxd5 Qd8 18. Bc4 Kg7 19. Rxh8 Qxh8 20.
Rh1 Qc8 21. Bb3 a5 22. a3 a4 23. Ba2 Qc6 24. Re1 Rc8 25. Re7+ Kh8 26. Qh3+
Nh5 27. Ne3 Nf6 28. gxh5 gxh5 29. Qf5 Rf8 30. d5 Qa6 31. Qg6 Qe2 32. Qg7#
{Black checkmated}
1-0

[Event "ICC tourney 2062 (7 2)"]
[Site "Internet Chess Club"]
[Date "2020.10.16"]
[Round "4"]
[White "shanmukha123"]
[Black "importantheart"]
[Result "1-0"]
[ICCResult "Black forfeits on time"]
[WhiteElo "1651"]
[BlackElo "1514"]
[Opening "Queen's bishop game"]
[ECO "D02"]
[NIC "QP.08"]
[Time "21:00:26"]
[TimeControl "420+2"]

1. d4 d5 2. Nf3 Nf6 3. Bf4 Bf5 4. e3 e6 5. Bd3 Bg6 6. Qe2 c5 7. Bxg6 hxg6 8.
Nbd2 Nc6 9. c3 Nh5 10. Be5 f6 11. Bg3 Nxg3 12. fxg3 c4 13. e4 Bd6 14. O-O
dxe4 15. Qxe4 Ne7 16. Qxe6 b5 17. Rae1 Qd7 18. Qe4 O-O-O 19. Qa8+ Bb8 20.
Ne4 Nc6 21. Nc5 Qc7 22. Re6 Na5 23. Rfe1 Rd6 24. Re7 Qb6 25. Re8+ Rxe8 26.
Rxe8+ Rd8 27. Qe4 Rxe8 28. Qxe8+ Qd8 29. Qxg6 Qe7 30. Qf5+ Kd8 31. Kf2 Bd6
32. Qd5 {Black forfeits on time} 1-0

[Event "ICC tourney 2062 (7 2)"]
[Site "Internet Chess Club"]
[Date "2020.10.16"]
[Round "4"]
[White "saikanth"]
[Black "advite"]
[Result "1-0"]
[ICCResult "Black resigns"]
[WhiteElo "1599"]
[BlackElo "1756"]
[Opening "Queen's pawn: London system"]
[ECO "A45"]
[NIC "QP.07"]
[Time "21:00:47"]
[TimeControl "420+2"]

1. d4 Nf6 2. Bf4 e6 3. e3 c5 4. c3 d5 5. Bd3 Bd6 6. Bg3 O-O 7. Nd2 Nc6 8. f4
Qb6 9. Rb1 c4 10. Bc2 Qa5 11. a3 b5 12. Ngf3 Qc7 13. Ne5 a5 14. Qe2 b4 15.
axb4 axb4 16. O-O Ra2 17. Ndf3 bxc3 18. bxc3 Ne4 19. Be1 Bxe5 20. Nxe5 Nxe5
21. fxe5 Qa5 22. h3 Nxc3 23. Bxc3 Qxc3 24. Bxh7+ Kxh7 25. Qxa2 Qxe3+ 26. Qf2
Qg5 27. Rb8 Kg8 28. Ra1 Bd7 29. Raa8 Rxb8 30. Rxb8+ Kh7 31. Qc2+ g6 32. Rb7
Qe3+ 33. Qf2 Qxf2+ 34. Kxf2 Be8 35. Ke3 Kh6 36. Re7 Bb5 37. Rxf7 Kg5 38. Kd2
Kh4 39. Rf4+ Kg5 40. g3 Ba4 41. Rf7 Kh6 42. Re7 Bc6 43. h4 Kh5 44. Rxe6 Bb7
45. Re7 Bc6 46. Rh7+ Kg4 47. Rh6 Kxg3 48. Rxg6+ Kxh4 49. Rxc6 Kg4 50. Kc3
Kf4 51. Rd6 Ke4 52. Rd7 {Black resigns} 1-0

[Event "ICC tourney 2062 (7 2)"]
[Site "Internet Chess Club"]
[Date "2020.10.16"]
[Round "5"]
[White "stephenwilly"]
[Black "oxdidi"]
[Result "1-0"]
[ICCResult "Black checkmated"]
[WhiteElo "1531"]
[BlackElo "1122"]
[Opening "Giuoco Pianissimo: Italian four knights variation"]
[ECO "C50"]
[NIC "IG.02"]
[Time "21:47:01"]
[TimeControl "420+2"]

1. e4 e5 2. Nf3 Nc6 3. Bc4 Bc5 4. Nc3 Nf6 5. d3 h6 6. h3 O-O 7. a3 d6 8. g4
Bd7 9. g5 h5 10. gxf6 Qxf6 11. Nd5 Qd8 12. Rg1 Bxh3 13. Ng5 Bg4 14. Rxg4
hxg4 15. Qxg4 Nd4 16. Kd1 Nc6 17. Qh5 g6 18. Qh7# {Black checkmated} 1-0

[Event "ICC tourney 2062 (7 2)"]
[Site "Internet Chess Club"]
[Date "2020.10.16"]
[Round "5"]
[White "wildrumpus"]
[Black "Sirichess"]
[Result "0-1"]
[ICCResult "White resigns"]
[WhiteElo "1382"]
[BlackElo "1512"]
[Opening "Queen's pawn: stonewall attack"]
[ECO "D00"]
[NIC "QP.08"]
[Time "21:46:45"]
[TimeControl "420+2"]

1. d4 d5 2. e3 Nf6 3. Bd3 Nc6 4. f4 Bg4 5. Nf3 Bh5 6. c3 Bg6 7. Bxg6 hxg6 8.
Nbd2 e6 9. O-O Bd6 10. Ne5 Bxe5 11. fxe5 Nh5 12. g4 Qh4 13. gxh5 Rxh5 14.
Nf3 Qg4+ 15. Kf2 O-O-O 16. Rg1 Qf5 17. Ke2 Rdh8 18. Qd3 Rxh2+ 19. Nxh2 Rxh2+
20. Ke1 Qxd3 {White resigns} 0-1

[Event "ICC tourney 2062 (7 2)"]
[Site "Internet Chess Club"]
[Date "2020.10.16"]
[Round "5"]
[White "Jeffchess"]
[Black "DrKnight01"]
[Result "0-1"]
[ICCResult "White checkmated"]
[WhiteElo "1366"]
[BlackElo "1262"]
[Opening "Caro-Kann: advance variation"]
[ECO "B12"]
[NIC "CK.02"]
[Time "21:46:53"]
[TimeControl "420+2"]

1. e4 c6 2. d4 d5 3. e5 f6 4. Nf3 Bg4 5. h3 Bxf3 6. Qxf3 Nd7 7. Bf4 e6 8.
Bd3 g6 9. O-O Qb6 10. exf6 Ngxf6 11. Be5 Be7 12. b3 Rf8 13. Qe2 O-O-O 14. a4
Ne4 15. Bxe4 dxe4 16. f4 Nxe5 17. fxe5 Qxd4+ 18. Kh1 Qxa1 19. Rxf8 Rxf8 20.
Qe1 Qxe5 21. Nd2 Bb4 22. Qe2 Bxd2 23. Kg1 Bc3 24. b4 Bd4+ 25. Kh1 Rf2 26.
Qd1 Qg3 27. Qg1 Rxc2 28. Qf1 Rf2 29. Qg1 Qa3 30. Qd1 Qd3 31. Qg4 Rf1+ 32.
Kh2 Bg1+ 33. Kh1 Bf2+ 34. Kh2 Bg3+ 35. Qxg3 Qxg3+ 36. Kxg3 e3 37. b5 e2 38.
bxc6 b6 39. c7 e1=Q+ 40. Kh2 Rh1# {White checkmated} 0-1

[Event "ICC tourney 2062 (7 2)"]
[Site "Internet Chess Club"]
[Date "2020.10.16"]
[Round "5"]
[White "importantheart"]
[Black "chessrex"]
[Result "0-1"]
[ICCResult "White resigns"]
[WhiteElo "1501"]
[BlackElo "1824"]
[Opening "Philidor: Philidor counter-gambit, del Rio attack"]
[ECO "C41"]
[NIC "KP.08"]
[Time "21:47:18"]
[TimeControl "420+2"]

1. e4 e5 2. Nf3 d6 3. d4 f5 4. dxe5 fxe4 5. Ng5 d5 6. e6 Bc5 7. Nf7 Qf6 8.
Qd2 Bxe6 9. Nxh8 Nc6 10. Bb5 O-O-O 11. Bxc6 bxc6 12. O-O Ne7 13. Qa5 Bb6 14.
Qa6+ Kb8 15. Nc3 Bc8 16. Qa3 Rxh8 17. Na4 Nf5 18. Nxb6 cxb6 19. Bf4+ Kb7 20.
Rad1 Nd4 21. Be3 Nb5 22. Qb3 Be6 23. Bd4 Nxd4 24. Qe3 Nf5 25. Qf4 g5 26. Qc1
Nd4 27. Rfe1 Rf8 28. Qd2 Nb5 29. c3 Nd6 30. Re3 Nc4 31. Qe2 Nxe3 32. Qxe3
Qf4 33. Qe1 g4 34. Qe2 h5 35. g3 Qf3 36. Qd2 Rh8 37. Re1 h4 38. Qg5 hxg3 39.
fxg3 Rxh2 40. Kxh2 Qf2+ 41. Kh1 Qxe1+ 42. Kg2 Qe2+ 43. Kg1 Bd7 {White
resigns} 0-1

[Event "ICC tourney 2062 (7 2)"]
[Site "Internet Chess Club"]
[Date "2020.10.16"]
[Round "5"]
[White "shrey16ultimate"]
[Black "BobbyFissure"]
[Result "1-0"]
[ICCResult "Black forfeits on time"]
[WhiteElo "1417"]
[BlackElo "1399"]
[Opening "Queen's pawn: London system"]
[ECO "A45"]
[NIC "QP.07"]
[Time "21:46:43"]
[TimeControl "420+2"]

1. d4 Nf6 2. Bf4 Nh5 3. Bg3 Nxg3 4. hxg3 d5 5. e3 c6 6. Bd3 Qb6 7. Qc1 g6 8.
Nd2 Bg7 9. Ngf3 Bg4 10. c4 Nd7 11. O-O O-O 12. Qc2 e5 13. dxe5 Nxe5 14. Nxe5
Bxe5 15. cxd5 cxd5 16. Rab1 Rac8 17. Qb3 Qxb3 18. axb3 Be6 19. Nf3 Bf6 20.
Nd4 a6 21. Rbc1 Rxc1 22. Rxc1 Rc8 23. Rxc8+ Bxc8 24. Be2 Kf8 25. Bf3 Bxd4
26. exd4 Be6 27. b4 Ke7 28. Kf1 Kd6 29. Ke2 Kc6 30. Kd3 Kb5 31. Kc3 b6 32.
Be2+ Kc6 33. b5+ axb5 34. Kb4 h5 35. Bxb5+ Kd6 36. Be8 g5 37. Kb5 Kc7 38. f3
h4 39. gxh4 gxh4 40. f4 f6 41. Bg6 Bd7+ 42. Kb4 Kd6 43. f5 Ke7 44. Kc3 Kf8
45. Kd3 Kg7 46. Ke3 Kh6 47. Kf4 Bb5 48. Bf7 Bf1 49. Bxd5 h3 50. gxh3 Bxh3
51. Be6 Bg2 52. d5 Kg7 53. d6 Kf8 54. Ke3 Bc6 55. Kf4 Ke8 56. Kg4 Bd7 57.
Kh5 {Black forfeits on time} 1-0

[Event "ICC tourney 2062 (7 2)"]
[Site "Internet Chess Club"]
[Date "2020.10.16"]
[Round "5"]
[White "vrashank"]
[Black "saikanth"]
[Result "0-1"]
[ICCResult "White forfeits on time"]
[WhiteElo "1701"]
[BlackElo "1618"]
[Opening "Queen's pawn, Mason variation"]
[ECO "D00"]
[NIC "QP.08"]
[Time "21:47:12"]
[TimeControl "420+2"]

1. d4 d5 2. Bf4 Nf6 3. e3 g6 4. Nf3 Bg7 5. Be2 O-O 6. h4 h5 7. Ne5 c5 8. Nc3
Nc6 9. Qd2 cxd4 10. exd4 Ne4 11. Nxe4 dxe4 12. Nxc6 bxc6 13. c3 Kh7 14. g4
Bxg4 15. Bxg4 hxg4 16. h5 Rh8 17. O-O-O f5 18. Qe3 Bf6 19. Rdg1 Kg7 20. hxg6
Kxg6 21. f3 Rxh1 22. Rxh1 exf3 23. Rh6+ Kf7 24. Rh7+ Kg6 25. Rh6+ Kf7 26.
Bg5 Qg8 27. Bxf6 exf6 28. Kc2 Re8 29. Qf4 Re2+ 30. Kb1 Ke6 31. Qc7 Qe8 32.
Qg7 Qe7 33. Qg8+ Kd6 34. Qb8+ Kd5 35. Qb3+ Ke4 36. Rh1 Kf4 37. Qb8+ Ke3 38.
a3 f2 39. Qg3+ Ke4 40. Ka2 Qe6+ {White forfeits on time} 0-1

[Event "ICC tourney 2062 (7 2)"]
[Site "Internet Chess Club"]
[Date "2020.10.16"]
[Round "5"]
[White "advite"]
[Black "shanmukha123"]
[Result "1-0"]
[ICCResult "Black forfeits on time"]
[WhiteElo "1765"]
[BlackElo "1635"]
[Opening "Caro-Kann: Tartakower (Nimzovich) variation"]
[ECO "B15"]
[NIC "CK.06"]
[Time "21:46:45"]
[TimeControl "420+2"]

1. e4 c6 2. d4 d5 3. Nc3 dxe4 4. Nxe4 Nf6 5. Nxf6+ exf6 6. Nf3 Bd6 7. Be2
O-O 8. O-O Bf5 9. c4 Nd7 10. Be3 Re8 11. h3 Qc7 12. Bd3 Bg6 13. Bxg6 hxg6
14. Qd2 c5 15. d5 Re7 16. a3 Rae8 17. Rfc1 g5 18. b4 b6 19. bxc5 Nxc5 20.
Nd4 Re4 21. Rc3 Be5 22. Rd1 Qd7 23. Qc2 Bb8 24. Nc6 Bd6 25. a4 f5 26. Bd2 f4
27. Rf3 Qf5 28. Qb1 Qg6 29. a5 Rxc4 30. Qb5 Rce4 31. Nxa7 bxa5 32. Qxa5 g4
33. hxg4 Qxg4 34. Qb6 Qd7 35. Nb5 Bf8 36. d6 g5 37. Qxc5 f6 38. Qd5+ Kg7 39.
Bc3 Kg6 40. Nd4 {Black forfeits on time} 1-0

[Event "ICC tourney 2062 (7 2)"]
[Site "Internet Chess Club"]
[Date "2020.10.16"]
[Round "6"]
[White "DrKnight01"]
[Black "importantheart"]
[Result "0-1"]
[ICCResult "White resigns"]
[WhiteElo "1260"]
[BlackElo "1521"]
[Opening "Giuoco Piano: four knights variation"]
[ECO "C50"]
[NIC "IG.02"]
[Time "22:07:14"]
[TimeControl "420+2"]

1. e4 e5 2. Nf3 Nc6 3. Bc4 Bc5 4. Nc3 Nf6 5. h3 O-O 6. d3 h6 7. g4 Nh7 8. g5
hxg5 9. Rg1 Qf6 10. Qe2 d6 11. Bd2 Bxh3 12. O-O-O g4 13. Nd5 Qxf3 14. Qxf3
gxf3 15. Bh6 Bg2 16. Bd2 Bxf2 {White resigns} 0-1

[Event "ICC tourney 2062 (7 2)"]
[Site "Internet Chess Club"]
[Date "2020.10.16"]
[Round "6"]
[White "shanmukha123"]
[Black "Sirichess"]
[Result "1-0"]
[ICCResult "Black checkmated"]
[WhiteElo "1641"]
[BlackElo "1484"]
[Opening "Queen's pawn game, Chigorin variation"]
[ECO "D02"]
[NIC "QP.08"]
[Time "22:07:13"]
[TimeControl "420+2"]

1. d4 d5 2. Nf3 Nc6 3. Bf4 Nf6 4. e3 Bf5 5. Bd3 Bg6 6. Qe2 e6 7. Nbd2 Bd6 8.
Bg3 Bxg3 9. hxg3 Qe7 10. c3 Bxd3 11. Qxd3 h6 12. Qb5 Rb8 13. Ne5 Qd6 14. f4
O-O 15. g4 a6 16. Qe2 Nd7 17. g5 f6 18. Nxd7 Qxd7 19. gxh6 gxh6 20. Rxh6 Rf7
21. O-O-O f5 22. Rdh1 Kf8 23. Nf3 Rg7 24. Ng5 Re8 25. Rh8+ Rg8 26. Rxg8+
Kxg8 27. Qh5 Kf8 28. Qh8+ Ke7 29. Rh7+ Kd8 30. Rxd7+ Kxd7 31. Qg7+ Re7 32.
Qg6 Nd8 33. Nf3 Nf7 34. Qg8 Nd6 35. Ne5# {Black checkmated} 1-0

[Event "ICC tourney 2062 (7 2)"]
[Site "Internet Chess Club"]
[Date "2020.10.16"]
[Round "6"]
[White "oxdidi"]
[Black "Jeffchess"]
[Result "0-1"]
[ICCResult "White checkmated"]
[WhiteElo "1116"]
[BlackElo "1372"]
[Opening "Sicilian defense"]
[ECO "B40"]
[NIC "SI.43"]
[Time "22:07:26"]
[TimeControl "420+2"]

1. e4 c5 2. Nf3 e6 3. Bc4 a6 4. O-O b5 5. Be2 Bb7 6. d3 Nf6 7. Bg5 Be7 8.
Nbd2 h6 9. Bh4 Nh7 10. Bxe7 Qxe7 11. c3 O-O 12. d4 cxd4 13. cxd4 d5 14. e5
Nc6 15. Nb3 Rac8 16. Nc5 Nxd4 17. Qxd4 Qxc5 18. Qd3 Qc4 19. Qd2 Qc2 20. Rac1
Qxd2 21. Nxd2 Rb8 22. Rc7 Rfc8 23. Rxb7 Rxb7 24. a4 Rcb8 25. axb5 axb5 26.
Rc1 Ng5 27. Bd3 g6 28. Nb3 Re7 29. Nd4 Kf8 30. Nc6 Rc7 31. Nxb8 Rxc1+ 32.
Bf1 Ne4 33. Nd7+ Ke7 34. Nf6 Nd2 35. Ng8+ Kf8 36. Nf6 Rxf1# {White
checkmated} 0-1

[Event "ICC tourney 2062 (7 2)"]
[Site "Internet Chess Club"]
[Date "2020.10.16"]
[Round "6"]
[White "chessrex"]
[Black "advite"]
[Result "1-0"]
[ICCResult "Black resigns"]
[WhiteElo "1837"]
[BlackElo "1752"]
[Opening "Blackmar-Diemer gambit"]
[ECO "A45"]
[NIC "QP.07"]
[Time "22:07:13"]
[TimeControl "420+2"]

1. d4 Nf6 2. f3 d5 3. e4 dxe4 4. Nc3 exf3 5. Nxf3 g6 6. Bc4 Bg7 7. O-O O-O
8. h3 Nc6 9. a3 h6 10. Be3 e6 11. Qd2 Kh7 12. b4 Ne7 13. g4 Ned5 14. Nxd5
exd5 15. Bd3 Ne4 16. Qg2 f5 17. gxf5 Bxf5 18. Rae1 Bf6 19. Ne5 Bh4 20. Rxf5
gxf5 21. Qg6+ Kh8 22. Qxh6+ Kg8 23. Qg6+ Kh8 24. Qh6+ Kg8 25. Qe6+ Kh7 26.
Qg6+ Kh8 27. Bh6 Qe7 28. Bxf8 Rxf8 29. Qh5+ Kg7 30. Qg6+ Kh8 31. Qh6+ Kg8
32. Ng6 Qg5+ 33. Qxg5 Nxg5 34. Nxh4 Ne4 35. Bxe4 fxe4 36. Rf1 Re8 37. Kf2
e3+ 38. Ke2 Re4 39. Nf3 Kg7 40. Rg1+ Kf6 41. Rg4 Re7 42. Ne5 b6 43. Kxe3 c5
44. c3 Rh7 45. Rf4+ Kg5 46. h4+ Kh5 47. Rf7 Rh8 48. Rxa7 Rg8 49. bxc5 Rg3+
50. Kd2 Rg2+ 51. Kc1 Rg1+ 52. Kb2 Rg2+ 53. Kb3 bxc5 54. dxc5 Re2 55. Re7
Kxh4 56. Nf3+ {Black resigns} 1-0

[Event "ICC tourney 2062 (7 2)"]
[Site "Internet Chess Club"]
[Date "2020.10.16"]
[Round "6"]
[White "kushagra12"]
[Black "wildrumpus"]
[Result "0-1"]
[ICCResult "White checkmated"]
[WhiteElo "1335"]
[BlackElo "1396"]
[Opening "Caro-Kann defense"]
[ECO "B10"]
[NIC "CK.01"]
[Time "22:07:57"]
[TimeControl "420+2"]

1. e4 c6 2. Nf3 d5 3. exd5 cxd5 4. d4 Bg4 5. Be2 Nc6 6. Bf4 e6 7. O-O Qb6 8.
b3 Bxf3 9. Bxf3 Nxd4 10. Bg4 Nf6 11. Be3 Bc5 12. c3 Nc6 13. Bxc5 Qxc5 14. b4
Qc4 15. Be2 Qh4 16. Na3 a6 17. b5 axb5 18. Nxb5 O-O 19. Nd4 Ra3 20. Nxc6
bxc6 21. Qc1 Rfa8 22. Rb1 Rxa2 23. Rb2 g6 24. Bd1 Ne4 25. f3 Nd6 26. Rxa2
Rxa2 27. Qb1 Ra8 28. g3 Qc4 29. Qc1 Nb5 30. Rf2 Qxc3 31. Rc2 Qd4+ 32. Kg2
Rc8 33. Rxc6 Rxc6 34. Qxc6 Nc3 35. Bb3 Qd2+ 36. Kh3 Kg7 37. Qd6 Qh6+ 38. Kg2
Qd2+ 39. Kh3 Qh6+ 40. Kg2 Qe3 41. f4 d4 42. Bc4 Qe4+ 43. Kh3 Qf5+ 44. g4 Qe4
45. Kh4 Qe1+ 46. Kg5 h6# {White checkmated} 0-1

[Event "ICC tourney 2062 (7 2)"]
[Site "Internet Chess Club"]
[Date "2020.10.16"]
[Round "6"]
[White "saikanth"]
[Black "shrey16ultimate"]
[Result "0-1"]
[ICCResult "White forfeits on time"]
[WhiteElo "1586"]
[BlackElo "1438"]
[Opening "Queen's pawn: London system"]
[ECO "A45"]
[NIC "QP.07"]
[Time "22:07:16"]
[TimeControl "420+2"]

1. d4 Nf6 2. Bf4 d5 3. e3 Bf5 4. Bd3 Bg6 5. Nf3 e6 6. Nbd2 c5 7. Qe2 Nc6 8.
c3 Rc8 9. Ne5 Be7 10. O-O O-O 11. g4 Bxd3 12. Nxd3 cxd4 13. exd4 Bd6 14. Ne5
Qc7 15. Bg3 Nd7 16. f4 f6 17. Nxc6 bxc6 18. Qxe6+ Kh8 19. Qe2 Rfe8 20. Qf2
c5 21. Nb3 cxd4 22. cxd4 Qc2 23. Rac1 Qxf2+ 24. Kxf2 Rc4 25. Rxc4 dxc4 26.
Nd2 Nb6 27. Rc1 Rc8 28. b3 c3 29. Ne4 Bb4 30. a3 Bxa3 31. Rxc3 Rxc3 32. Nxc3
Bb2 33. Ne2 Kg8 {White forfeits on time} 0-1

[Event "ICC tourney 2062 (7 2)"]
[Site "Internet Chess Club"]
[Date "2020.10.16"]
[Round "6"]
[White "stephenwilly"]
[Black "vrashank"]
[Result "1-0"]
[ICCResult "Black forfeits on time"]
[WhiteElo "1551"]
[BlackElo "1671"]
[Opening "French defense, Steiner variation"]
[ECO "C00"]
[NIC "FR.01"]
[Time "22:07:21"]
[TimeControl "420+2"]

1. e4 e6 2. c4 d5 3. cxd5 exd5 4. exd5 Nf6 5. Nf3 Nxd5 6. Bc4 c6 7. Nc3 Be7
8. d4 O-O 9. O-O Bg4 10. h3 Bh5 11. Bd3 Nd7 12. Bxh7+ Kxh7 13. Ng5+ Bxg5 14.
Qxh5+ Bh6 15. Nxd5 cxd5 16. Qxd5 Nf6 17. Qf5+ g6 18. Qf3 Bxc1 19. Raxc1 Kg7
20. Rfd1 Qd7 21. d5 Rac8 22. Rc3 Rfd8 23. Rcd3 Qd6 24. a3 Nd7 25. Rd4 Rc2
26. Rf4 Nf6 27. g4 Rd7 28. Rb4 b6 29. Qd3 Rc5 30. Rd4 Rxd5 31. Rxd5 Qxd5 32.
Qxd5 Rxd5 33. Rxd5 Nxd5 34. Kf1 Kf6 35. h4 Nf4 36. f3 Ke5 37. b3 Kd4 38. Kf2
Kc3 39. Kg3 Ne2+ 40. Kf2 Nd4 41. Ke3 Ne6 42. h5 Kxb3 43. h6 Nf8 44. Kf4 Nh7
45. Ke5 b5 46. Kd6 Kxa3 47. Ke7 f5 48. Kf7 fxg4 49. fxg4 b4 50. Kxg6 b3 51.
Kxh7 b2 52. g5 b1=Q+ 53. g6 a5 54. Kg7 Qb7+ 55. Kh8 Qc8+ 56. Kg7 Qd7+ 57.
Kh8 Qe8+ 58. Kh7 Qe7+ 59. g7 Kb4 60. Kh8 Qf6 61. Kh7 Qf5+ 62. Kh8 Qg6 63. h7
Qf6 64. Kg8 a4 65. h8=Q a3 66. Kh7 {Black forfeits on time} 1-0

[Event "ICC tourney 2062 (7 2)"]
[Site "Internet Chess Club"]
[Date "2020.10.16"]
[Round "7"]
[White "Sirichess"]
[Black "vrashank"]
[Result "0-1"]
[ICCResult "White resigns"]
[WhiteElo "1465"]
[BlackElo "1676"]
[Opening "French defense"]
[ECO "C00"]
[NIC "FR.01"]
[Time "22:27:47"]
[TimeControl "420+2"]

1. e4 e6 2. Nc3 d5 3. exd5 exd5 4. d4 Bd6 5. Nf3 Ne7 6. Be2 Nbc6 7. Be3 Bg4
8. h3 Bh5 9. Qd2 f6 10. Nb5 a6 11. Nxd6+ Qxd6 12. Bf4 Qd7 13. c3 O-O-O 14.
O-O-O g5 15. Bg3 Bg6 16. Nh2 Nf5 17. Bg4 h5 18. Bxf5 Qxf5 19. Qd3 Qxd3 20.
Rxd3 Bxd3 21. Re1 Rhe8 22. Rxe8 Rxe8 23. Kd2 Bg6 24. f4 h4 25. Bf2 Ne7 26.
fxg5 fxg5 27. Ng4 Nf5 28. Ne5 Bh5 29. a3 Nd6 30. Be3 Nc4+ 31. Nxc4 dxc4 32.
Bxg5 Re2+ 33. Kc1 Rxg2 34. Bxh4 Bg6 35. a4 Kd7 36. Be1 Ke6 37. Bd2 Kf5 38.
h4 Ke4 39. Bg5 Kd3 40. Kb1 Be8 41. Ka2 Bxa4 42. Bd8 Bb3+ 43. Ka3 a5 44. Bg5
Rg1 {White resigns} 0-1

[Event "ICC tourney 2062 (7 2)"]
[Site "Internet Chess Club"]
[Date "2020.10.16"]
[Round "7"]
[White "DrKnight01"]
[Black "oxdidi"]
[Result "1-0"]
[ICCResult "Black checkmated"]
[WhiteElo "1270"]
[BlackElo "1106"]
[Opening "Giuoco Piano: four knights variation"]
[ECO "C50"]
[NIC "IG.02"]
[Time "22:27:55"]
[TimeControl "420+2"]

1. e4 e5 2. Nf3 Nc6 3. Bc4 Bc5 4. Nc3 Nf6 5. h3 O-O 6. d3 h6 7. g4 d6 8. g5
hxg5 9. Bxg5 Be6 10. Nd5 Bxd5 11. Bxd5 Bb4+ 12. c3 Bc5 13. Rg1 Na5 14. Bh6
Nh5 15. Nxe5 dxe5 16. Qxh5 Qf6 17. O-O-O Bxf2 18. Bxg7 Qf4+ 19. Kb1 Bxg1 20.
Qh8# {Black checkmated} 1-0

[Event "ICC tourney 2062 (7 2)"]
[Site "Internet Chess Club"]
[Date "2020.10.16"]
[Round "7"]
[White "shrey16ultimate"]
[Black "chessrex"]
[Result "0-1"]
[ICCResult "White resigns"]
[WhiteElo "1435"]
[BlackElo "1840"]
[Opening "Queen's pawn: Charlick (Englund) gambit"]
[ECO "A40"]
[NIC "QO.17"]
[Time "22:27:50"]
[TimeControl "420+2"]

1. d4 e5 2. dxe5 Nc6 3. Nf3 Nge7 4. Nc3 Ng6 5. Bf4 Nxf4 6. e3 Ng6 7. Bc4
Ncxe5 8. Nxe5 Nxe5 9. Bb3 c6 10. O-O d5 11. e4 d4 12. Ne2 c5 13. f4 Nc6 14.
Ng3 Be7 15. f5 O-O 16. Qg4 Bf6 17. Rae1 Ne5 18. Qe2 a5 19. Nh5 a4 20. Bd5
Ra6 21. g4 h6 22. Nf4 Rd6 23. Kg2 b5 24. Qxb5 Ba6 25. Qxc5 Bxf1+ 26. Rxf1
Qd7 27. h3 Rc8 28. Qa3 Rxc2+ 29. Rf2 Rxf2+ 30. Kxf2 Bg5 31. Ng2 Rxd5 32.
exd5 Qxd5 33. Qd3 Nxd3+ 34. Ke2 Nxb2 35. Nf4 Bxf4 {White resigns} 0-1

[Event "ICC tourney 2062 (7 2)"]
[Site "Internet Chess Club"]
[Date "2020.10.16"]
[Round "7"]
[White "kushagra12"]
[Black "importantheart"]
[Result "1-0"]
[ICCResult "Black resigns"]
[WhiteElo "1344"]
[BlackElo "1456"]
[Opening "Two knights defense, Perreux variation"]
[ECO "C55"]
[NIC "KP.02"]
[Time "22:28:11"]
[TimeControl "420+2"]

1. e4 e5 2. Nf3 Nc6 3. d4 exd4 4. Bc4 Nf6 5. Ng5 d5 6. exd5 Nxd5 7. O-O Be7
8. Nxf7 Kxf7 9. Qf3+ Ke8 10. Bxd5 Rf8 11. Bxc6+ bxc6 12. Qxc6+ Bd7 13. Qe4
Bf5 14. Qf3 Rf6 15. Qb3 Be6 16. Qb5+ Kf7 17. Qh5+ Kg8 18. Bg5 Rg6 19. Bxe7
Qxe7 20. Qe5 c5 21. f4 Qb7 22. Qe2 Qxb2 23. Nd2 Rf8 24. f5 Bxf5 25. Qc4+ Kh8
26. Qxc5 Rgf6 27. g4 Bxg4 28. Qxf8+ {Black resigns} 1-0

[Event "ICC tourney 2062 (7 2)"]
[Site "Internet Chess Club"]
[Date "2020.10.16"]
[Round "7"]
[White "shanmukha123"]
[Black "saikanth"]
[Result "0-1"]
[ICCResult "White forfeits on time"]
[WhiteElo "1626"]
[BlackElo "1601"]
[Opening "Queen's pawn game"]
[ECO "D02"]
[NIC "QP.08"]
[Time "22:28:18"]
[TimeControl "420+2"]

1. d4 d5 2. Nf3 Bf5 3. Bf4 Nf6 4. e3 e6 5. Bd3 Bg6 6. Nbd2 Bd6 7. Bg3 Qe7 8.
O-O Nbd7 9. Re1 Ne4 10. Qe2 f5 11. Bxe4 fxe4 12. Nh4 O-O 13. c3 Bf7 14. Bxd6
cxd6 15. g3 Nf6 16. Qb5 Bh5 17. Ng2 g5 18. Nf1 Bf3 19. Nd2 Qf7 20. c4 a6 21.
Qb3 Qh5 22. Nf1 Qh3 {White forfeits on time} 0-1

[Event "ICC tourney 2062 (7 2)"]
[Site "Internet Chess Club"]
[Date "2020.10.16"]
[Round "7"]
[White "advite"]
[Black "stephenwilly"]
[Result "1-0"]
[ICCResult "Black checkmated"]
[WhiteElo "1760"]
[BlackElo "1543"]
[Opening "Sicilian: closed"]
[ECO "B23"]
[NIC "SI.44"]
[Time "22:27:49"]
[TimeControl "420+2"]

1. e4 c5 2. Nc3 e6 3. Nge2 d5 4. exd5 exd5 5. d4 Nf6 6. Bg5 Be6 7. Nf4 cxd4
8. Qxd4 Nc6 9. Bb5 Be7 10. O-O O-O 11. Bxc6 bxc6 12. Rfe1 c5 13. Qd2 Ne4 14.
Bxe7 Qxe7 15. Nxe4 dxe4 16. Rxe4 Rad8 17. Qe3 Qf6 18. Nxe6 fxe6 19. c3 Rfe8
20. Re1 h6 21. f3 Rb8 22. Re2 Rb6 23. Qxc5 Rd8 24. Qc4 Kh8 25. Rd4 Rdb8 26.
b4 e5 27. Rd5 Rc6 28. Rc5 Rd6 29. Rcxe5 Rd1+ 30. Re1 Qxe5 31. Rxd1 Qe3+ 32.
Kf1 Re8 33. Qd3 Qg5 34. Re1 Rxe1+ 35. Kxe1 Qc1+ 36. Ke2 Qg1 37. Qd8+ Kh7 38.
Qd3+ Kg8 39. Qc4+ Kf8 40. Qf4+ Kg8 41. Qg3 Qb6 42. Kd3 Qa6+ 43. Kd4 Qb6+ 44.
Kd3 Qd8+ 45. Kc2 Qc8 46. Kb3 Qe6+ 47. Kb2 Qe2+ 48. Ka3 Qa6+ 49. Kb3 Qb5 50.
c4 Qb6 51. Qe1 Qc6 52. Qe4 Qd7 53. Qd5+ Qxd5 54. cxd5 Kf7 55. Kc4 Ke7 56. a4
Kd6 57. a5 a6 58. b5 axb5+ 59. Kxb5 Kxd5 60. a6 Kd4 61. a7 Ke3 62. a8=Q Kf2
63. f4 Ke3 64. Kc4 Kxf4 65. Qd5 g5 66. g3+ Kg4 67. Kd3 Kh5 68. Ke3 Kg6 69.
Qe6+ Kh5 70. g4+ Kh4 71. Qxh6+ Kxg4 72. h3+ Kf5 73. Kf3 Ke5 74. Qxg5+ Ke6
75. Ke4 Kf7 76. Kf5 Kf8 77. Kf6 Ke8 78. Qg7 Kd8 79. Qb7 Ke8 80. Qe7#
{Black checkmated}
1-0